 Dungeon Crawl Stone Soup version 0.30.0-20-g3615ddf2f0 (webtiles) character file.

Game seed: 4300977389822508622

21405 qw the Cleaver (level 12, -9/77 HPs)
             Began as a Gargoyle Fighter on May 29, 2023.
             Was an Elder of Okawaru.
             Shot with an arrow by Nessos (12 damage)
             ... on level 3 of the Lair of Beasts.
             The game lasted 00:06:24 (11059 turns).

qw the Cleaver (Gargoyle Fighter)                  Turns: 11059, Time: 00:06:25

Health: -9/77      AC: 21    Str: 31    XL:     12   Next: 89%
Magic:  24/28      EV: 25    Int: 15    God:    Okawaru [****..]
Gold:   480        SH:  6    Dex:  9    Spells: 11/11 levels left

rFire   + . .        y - +7 war axe "Seidoori" {freeze, MP+9 Int+6 Stlth-}
rCold   + . .        c - +0 buckler
rNeg    + . .        i - +0 plate armour
rPois   inf          r - +0 helmet
rElec   +            a - scarf {rC+ rF+}
rCorr   .            n - +1 pair of gloves
SInv    +            (no boots)
Will    .....        l - amulet of the acrobat Stlth
                     p - +6 ring of strength
HPRegen 0.32/turn    j - ring of see invisible
MPRegen 0.21/turn

%: acrobat
@: heroic, finesse-ful, corroded, acrobatic
A: sickness immunity, AC +8, negative energy resistance 1, electricity
resistance, torment resistance 1, petrification resistance
a: Renounce Religion, Heroism, Finesse


You were on level 3 of the Lair of Beasts.
You worshipped Okawaru.
Okawaru was greatly pleased with you.
You visited 2 branches of the dungeon, and saw 12 of its levels.

You collected 660 gold pieces.
You spent 180 gold pieces at shops.


Innate Abilities, Weirdness & Mutations

You are immune to sickness and miasma.
Your stone body is resilient. (AC +8)
You are immune to poison.
You resist negative energy. (rN+)
You are resistant to electric shocks. (rElec)
You are resistant to unholy torment.
You are immune to petrification.


   Skills:
 - Level 10.0(15.0) Fighting
 - Level 13.0(18.0) Axes
 + Level 2.5(7.5) Throwing
 - Level 9.0(14.0) Armour
 - Level 2.1(7.1) Dodging
 - Level 7.0(12.0) Shields
 + Level 9.3 Invocations


You had 11 spell levels left.
You didn't know any spells.
Your spell library was empty.

Inventory:

Hand Weapons
 t - a +2 hand axe of flaming
 y - the +7 war axe "Seidoori" (weapon) {freeze, MP+9 Int+6 Stlth-}
   (You found it on level 2 of the Lair of Beasts)

   Int:       It affects your intelligence (+6).
   MP:        It affects your magic capacity (+9).
   Stlth:     It makes you less stealthy.
Missiles
 A - a javelin (quivered)
Armour
 a - a scarf of resistance (worn)
 c - a +0 buckler (worn)
 e - a +0 cloak
 i - a +0 plate armour (worn)
 m - a +0 kite shield of poison resistance
 n - a +1 pair of gloves (worn)
 o - +0 acid dragon scales
 r - a +0 helmet (worn)
Jewellery
 b - a ring of ice
 j - a ring of see invisible (right hand)
 l - an amulet of the acrobat (around neck)
 p - a +6 ring of strength (left hand)
 v - a ring of willpower
Wands
 z - a wand of digging (3)
Scrolls
 q - 4 scrolls of identify
 u - 7 scrolls of teleportation
 x - a scroll of enchant weapon
Potions
 d - 2 potions of might
 f - a potion of lignification
 g - 2 potions of haste
 h - 3 potions of attraction
 k - 3 potions of curing
 s - a potion of magic
 w - a potion of resistance

Dungeon Overview and Level Annotations

Branches:
Dungeon (9/15)             Temple (0/1) D:6            Lair (3/5) D:9
 Shoals (0/4) Lair:3
  Snake: Lair:2-3    Spider: Lair:2-3       Orc: D:9-12

Altars:
Ashenzari
Dithmenos
Okawaru
Qazlal
Vehumet

Shops:
D:4 ==   D:5 [

Annotations:
D:4 2 runed translucent doors, qw's ghost, weakling GrCA
D:5 1 runed translucent door, Crazy Yiuf
Lair:3 Nessos


Message History

Enter note:
Enter note:
Enter note: Nessos shoots an arrow.
You block the arrow.
Nessos shoots an arrow.
The arrow completely misses you.
Enter note:
Enter note:
Enter note:
Enter note:
Enter note:
Enter note:
Enter note:
Enter note:
Enter note: Nessos shoots an arrow.
The arrow hits you! The arrow burns you.
Nessos shoots an arrow.
The arrow hits you but does no damage.
Nessos intently looks at you, slowly moving their tail.
Nessos shoots an arrow.
The arrow hits you.
Nessos intently looks at you, slowly moving their tail.
Nessos gestures wildly while chanting.
Nessos blinks!
Nessos casts a spell.
Nessos blinks!
Enter note:
Enter note:
Enter note:
Enter note:
Enter note:
Enter note: Nessos mumbles some strange words.
Nessos blinks!
Enter note:
Enter note:
Enter note:
Enter note:
Enter note:
Enter note: Nessos shoots an arrow.
The arrow hits you!! The arrow burns you.
Nessos shoots an arrow.
The arrow hits you!
You die...

#.#.. #...## P. ....ยค#
#...# .....##.... ..
#P...##..$..#...# #.#
#....#.#....#...##..##
#................P..##
###$.....@..............
.....?..................
........................
....<..........c........
....................##
......#.#....#....###
###....##.##.......#
#....#...........######
#....P.....#....PP##..#


You could see Nessos (fast).

Vanquished Creatures
  A hydra (Lair:2)
  4 death yaks (Lair:2)
  A two-headed ogre (D:8)
  A cyclops (D:9)
  4 elephants (Lair:1)
  2 water nymphs (Lair:3)
  Joseph (D:9)
  2 black mambas
  5 cane toads
  2 rime drakes
  6 komodo dragons
  A polar bear (Lair:1)
  Grinder (D:4)
  7 dream sheep
  Sigmund (D:4)
  24 yaks
  2 basilisks (Lair:2)
  A wraith (D:9)
  Eustachio (D:5)
  2 steam dragons
  An acid dragon (D:9)
  9 water moccasins
  4 black bears
  An orc warrior (D:7)
  2 sky beasts
  4 ice beasts (D:9)
  2 wolves (D:9)
  4 centaurs
  A phantom (D:4)
  3 kobold brigands
  5 bullfrogs
  3 scorpions
  15 wights
  4 killer bees (D:8)
  A howler monkey (D:6)
  2 jellies
  A sleepcap (D:6)
  3 orc priests
  A gnoll bouda (D:4)
  Jessica (D:3)
  An iguana (D:6)
  Natasha (thrice) (D:2)
  11 orc wizards
  Robin (D:2)
  9 gnolls
  5 adders
  3 shadow imps
  A worm (D:3)
  A dart slug (D:3)
  34 orcs
  12 endoplasms
  2 giant cockroaches (D:1)
  12 goblins
  9 hobgoblins
  26 kobolds
  2 quokkas (D:3)
  8 ball pythons
  5 bats
  4 frilled lizards
  4 rats
289 creatures vanquished.

Notes
Turn   | Place    | Note
-------+----------+-------------------------------------------
     0 | D:1      | qw the Gargoyle Fighter began the quest for the Orb.
     0 | D:1      | Reached XP level 1. HP: 14/14 MP: 1/1
     0 | D:1      | 0 ||| qw: Version: 0.2-a-101-gf424e7f
     0 | D:1      | 0 ||| qw: Game counter: 285
     0 | D:1      | 0 ||| qw: Always use a shield: true
     0 | D:1      | 0 ||| qw: God list: Okawaru
     0 | D:1      | 0 ||| qw: Allow faded altars: false
     0 | D:1      | 0 ||| qw: Do Orc after D:15 true
     0 | D:1      | 0 ||| qw: Do second Lair branch before Depths: true
     0 | D:1      | 0 ||| qw: Lair rune preference: random
     0 | D:1      | 0 ||| qw: Plans: Normal, Zot:1-4, Slime:5, God:TSO, Crypt,
                  | Tomb, Pan, Hells, Abyss, Win
     0 | D:1      | 0 ||| PLANNING D:1-11
    21 | D:1      | Reached skill level 2 in Axes
    40 | D:1      | 40 ||| Stepping ~*~*~tactically~*~*~ (stealth).
    76 | D:1      | Reached XP level 2. HP: 19/19 MP: 2/2
   229 | D:1      | Reached skill level 3 in Axes
   466 | D:1      | Reached XP level 3. HP: 23/23 MP: 3/3
   515 | D:1      | 515 ||| UPGRADING to +0 cloak.
   520 | D:1      | 520 ||| READING scroll labelled JAAT NYC TUXAY.
   521 | D:1      | 521 ||| READING scroll labelled KUEGERYISA.
   633 | D:2      | 633 ||| DROPPING +0 club.
   765 | D:2      | Noticed Natasha
   766 | D:2      | 766 ||| Stepping ~*~*~tactically~*~*~ (hiding).
   780 | D:2      | Killed Natasha
   781 | D:2      | HP: 4/23 [kobold/+0 whip (4)]
   796 | D:2      | 796 ||| FLEEEEING.
   885 | D:2      | 885 ||| FLEEEEING.
   886 | D:2      | 886 ||| FLEEEEING.
   913 | D:2      | Noticed Natasha
   914 | D:2      | 914 ||| Stepping ~*~*~tactically~*~*~ (stealth).
   916 | D:2      | 916 ||| Stepping ~*~*~tactically~*~*~ (hiding).
   917 | D:2      | 917 ||| Stepping ~*~*~tactically~*~*~ (hiding).
   918 | D:2      | 918 ||| Stepping ~*~*~tactically~*~*~ (hiding).
   919 | D:2      | 919 ||| Stepping ~*~*~tactically~*~*~ (hiding).
   926 | D:2      | Killed Natasha
   927 | D:2      | Reached skill level 4 in Axes
   927 | D:2      | Reached XP level 4. HP: 28/28 MP: 4/4
  1086 | D:2      | Noticed Natasha
  1087 | D:2      | 1087 ||| Stepping ~*~*~tactically~*~*~ (stealth).
  1088 | D:2      | Noticed Robin
  1103 | D:2      | Killed Natasha
  1117 | D:2      | Reached XP level 5. HP: 15/32 MP: 5/5
  1124 | D:2      | Killed Robin
  1225 | D:2      | 1225 ||| UPGRADING to +0 helmet.
  1230 | D:2      | 1230 ||| UPGRADING to +6 ring of strength.
  1231 | D:2      | 1231 ||| READING 2 scrolls labelled FIFADY LICI.
  1232 | D:2      | 1232 ||| READING 2 scrolls labelled SAEROC PEZACK.
  1255 | D:2      | 1255 ||| READING scroll labelled IPAJYI ZENA.
  1256 | D:2      | 1256 ||| READING scroll labelled IKUXOT SAIRROI.
  1257 | D:2      | 1257 ||| READING 3 scrolls of identify.
  1257 | D:2      | 1257 ||| IDENTIFYING amethyst potion
  1258 | D:2      | 1258 ||| READING 2 scrolls of identify.
  1258 | D:2      | 1258 ||| IDENTIFYING bubbling amethyst potion
  1259 | D:2      | 1259 ||| DROPPING scroll of poison.
  1260 | D:2      | 1260 ||| DROPPING scroll of torment.
  1666 | D:3      | Reached skill level 5 in Axes
  1836 | D:3      | Noticed Jessica
  1838 | D:3      | 1838 ||| FLEEEEING.
  1844 | D:3      | 1844 ||| Stepping ~*~*~tactically~*~*~ (water).
  1857 | D:3      | Killed Jessica
  1858 | D:3      | Reached skill level 1 in Dodging
  1902 | D:3      | 1902 ||| Stepping ~*~*~tactically~*~*~ (hiding).
  1903 | D:3      | 1903 ||| Stepping ~*~*~tactically~*~*~ (hiding).
  2130 | D:3      | 2130 ||| DROPPING +6 ring of intelligence.
  2131 | D:3      | 2131 ||| READING scroll labelled QOXKISMO BAACK.
  2132 | D:3      | 2132 ||| DRINKING 5 puce potions.
  2175 | D:4      | Found Kitik's Jewellery Shoppe.
  2183 | D:4      | 2183 ||| SHOPLISTING +4 ring of protection (504 gold, have
                  | 167).
  2183 | D:4      | 2183 ||| SHOPLISTING +6 ring of dexterity (504 gold, have
                  | 167).
  2183 | D:4      | 2183 ||| SHOPLISTING +6 ring of strength (504 gold, have
                  | 167).
  2183 | D:4      | 2183 ||| SHOPLISTING amulet "Anniesa" {Faith Dex+3} (746
                  | gold, have 167).
  2183 | D:4      | 2183 ||| SHOPLISTING ring of ice (350 gold, have 167).
  2285 | D:4      | 2285 ||| Stepping ~*~*~tactically~*~*~ (stealth).
  2297 | D:4      | 2297 ||| Stepping ~*~*~tactically~*~*~ (stealth).
  2321 | D:4      | Found an iron altar of Okawaru.
  2321 | D:4      | Noticed a phantom
  2322 | D:4      | 2322 ||| PLANNING OKAWARU WORSHIP
  2325 | D:4      | 2325 ||| Stepping ~*~*~tactically~*~*~ (stealth).
  2326 | D:4      | 2326 ||| UPGRADING to +0 chain mail.
  2337 | D:4      | Killed a phantom
  2338 | D:4      | Reached XP level 6. HP: 30/39 MP: 6/6
  2373 | D:4      | 2373 ||| UPGRADING to +0 chain mail.
  2383 | D:4      | 2383 ||| DROPPING +0 scale mail.
  2384 | D:4      | 2384 ||| READING scroll labelled IPPAZX MUCOYMN.
  2485 | D:4      | 2485 ||| DRINKING 2 black potions.
  2486 | D:4      | 2486 ||| READING 2 scrolls of identify.
  2486 | D:4      | 2486 ||| IDENTIFYING blue potion
  2493 | D:4      | Became a worshipper of Warmaster Okawaru
  2493 | D:4      | 2493 ||| PLANNING D:1-11
  2818 | D:4      | 2818 ||| DROPPING +0 whip.
  2879 | D:4      | Found a large runed translucent door.
  2880 | D:4      | Found a large runed translucent door.
  2884 | D:4      | Noticed qw's ghost (weakling GrCA)
  2927 | D:4      | Found a broken altar of Ashenzari.
  2950 | D:4      | Reached XP level 7. HP: 42/44 MP: 7/7
  2959 | D:4      | Noticed Sigmund
  2962 | D:4      | Noticed Grinder
  2976 | D:4      | Killed Sigmund
  2977 | D:4      | Reached skill level 6 in Axes
  2980 | D:4      | Paralysed by Grinder for 4 turns
  2986 | D:4      | Killed Grinder
  2986 | D:4      | Reached * piety under Okawaru
  2987 | D:4      | Reached skill level 7 in Axes
  3130 | D:4      | 3130 ||| INVOKING Heroism.
  3149 | D:4      | 3149 ||| INVOKING Heroism.
  3158 | D:4      | Reached XP level 8. HP: 34/48 MP: 5/8
  3300 | D:4      | Found Parireru's Jewellery Emporium.
  3303 | D:4      | 3303 ||| SHOPLISTING +4 ring of protection (432 gold, have
                  | 236).
  3303 | D:4      | 3303 ||| SHOPLISTING amulet of reflection (360 gold, have
                  | 236).
  3303 | D:4      | 3303 ||| SHOPLISTING ring of ice (300 gold, have 236).
  3303 | D:4      | 3303 ||| SHOPLISTING ring of protection from fire (300
                  | gold, have 236).
  3303 | D:4      | 3303 ||| BUYING ring of see invisible (180 gold).
  3303 | D:4      | Bought a ring of see invisible for 180 gold pieces
  3392 | D:4      | Found a shadowy altar of Dithmenos.
  3563 | D:4      | 3563 ||| UPGRADING to ring of see invisible.
  3586 | D:5      | Entered Level 5 of the Dungeon
  3619 | D:5      | 3619 ||| Stepping ~*~*~tactically~*~*~ (stealth).
  3628 | D:5      | Reached skill level 8 in Axes
  3641 | D:5      | Reached skill level 1 in Invocations
  3720 | D:5      | 3720 ||| Stepping ~*~*~tactically~*~*~ (stealth).
  3721 | D:5      | 3721 ||| INVOKING Heroism.
  3751 | D:5      | 3751 ||| DROPPING +0 flail.
  3765 | D:5      | 3765 ||| Stepping ~*~*~tactically~*~*~ (stealth).
  3777 | D:5      | 3777 ||| Stepping ~*~*~tactically~*~*~ (stealth).
  3778 | D:5      | 3778 ||| Stepping ~*~*~tactically~*~*~ (stealth).
  3786 | D:5      | 3786 ||| INVOKING Heroism.
  3843 | D:5      | Noticed Eustachio
  3844 | D:5      | 3844 ||| INVOKING Heroism.
  3895 | D:5      | 3895 ||| FLEEEEING.
  3896 | D:5      | 3896 ||| FLEEEEING.
  3897 | D:5      | 3897 ||| FLEEEEING.
  3898 | D:5      | 3898 ||| FLEEEEING.
  3899 | D:5      | 3899 ||| FLEEEEING.
  3902 | D:5      | 3902 ||| FLEEEEING.
  3903 | D:5      | 3903 ||| FLEEEEING.
  3904 | D:5      | 3904 ||| FLEEEEING.
  3905 | D:5      | 3905 ||| FLEEEEING.
  3932 | D:5      | Killed Eustachio
  3933 | D:5      | Reached skill level 6 in Fighting
  3993 | D:5      | Found a runed translucent door.
  3994 | D:5      | Noticed Crazy Yiuf
  4061 | D:5      | Found Sidar's Armour Shoppe.
  4061 | D:5      | Identified the +10 dagger "Dome" {freeze, rC+ rN+}
  4069 | D:5      | 4069 ||| SHOPLISTING +0 pair of gloves of stealth (138
                  | gold, have 84).
  4069 | D:5      | 4069 ||| SHOPLISTING +3 chain mail of cold resistance (318
                  | gold, have 84).
  4069 | D:5      | 4069 ||| SHOPLISTING scarf of repulsion (144 gold, have
                  | 84).
  4665 | D:5      | 4665 ||| READING scroll labelled NOOCAPP IPSODYS.
  4666 | D:5      | 4666 ||| READING scroll labelled DULEYD ZARETO.
  4667 | D:5      | 4667 ||| READING 2 scrolls of identify.
  4667 | D:5      | 4667 ||| IDENTIFYING fuming dark potion
  4668 | D:5      | 4668 ||| DROPPING potion of invisibility.
  4768 | D:6      | Found a staircase to the Ecumenical Temple.
  4973 | D:6      | Reached XP level 9. HP: 44/55 MP: 10/10
  4974 | D:6      | Reached skill level 9 in Axes
  5295 | D:6      | 5295 ||| Stepping ~*~*~tactically~*~*~ (hiding).
  5296 | D:6      | 5296 ||| Stepping ~*~*~tactically~*~*~ (hiding).
  5300 | D:6      | 5300 ||| INVOKING Heroism.
  5446 | D:6      | 5446 ||| INVOKING Heroism.
  5454 | D:6      | Reached skill level 3 in Invocations
  5519 | D:6      | 5519 ||| UPGRADING to scarf of resistance.
  5529 | D:6      | 5529 ||| UPGRADING to amulet of the acrobat.
  5534 | D:6      | 5534 ||| READING 2 scrolls of identify.
  5534 | D:6      | 5534 ||| IDENTIFYING cyan potion
  5535 | D:6      | 5535 ||| DROPPING potion of degeneration.
  5568 | D:7      | 5568 ||| Stepping ~*~*~tactically~*~*~ (hiding).
  5602 | D:7      | 5602 ||| Stepping ~*~*~tactically~*~*~ (hiding).
  5688 | D:7      | 5688 ||| Stepping ~*~*~tactically~*~*~ (hiding).
  5690 | D:7      | 5690 ||| Stepping ~*~*~tactically~*~*~ (hiding).
  5691 | D:7      | 5691 ||| Stepping ~*~*~tactically~*~*~ (hiding).
  5693 | D:7      | 5693 ||| Stepping ~*~*~tactically~*~*~ (hiding).
  5699 | D:7      | 5699 ||| DRINKING 4 potions of curing.
  5699 | D:7      | 5699 ||| (to cure confusion)
  5722 | D:7      | Reached skill level 1 in Throwing
  5753 | D:7      | 5753 ||| Stepping ~*~*~tactically~*~*~ (hiding).
  5757 | D:7      | 5757 ||| INVOKING Heroism.
  5815 | D:7      | 5815 ||| Stepping ~*~*~tactically~*~*~ (hiding).
  5943 | D:7      | 5943 ||| Stepping ~*~*~tactically~*~*~ (hiding).
  5960 | D:7      | 5960 ||| INVOKING Heroism.
  5962 | D:7      | HP: 13/57 [wight/+5 battleaxe (6)]
  5963 | D:7      | 5963 ||| DRINKING 2 potions of heal wounds.
  6056 | D:7      | 6056 ||| Stepping ~*~*~tactically~*~*~ (hiding).
  6059 | D:7      | 6059 ||| Stepping ~*~*~tactically~*~*~ (hiding).
  6061 | D:7      | 6061 ||| Stepping ~*~*~tactically~*~*~ (hiding).
  6069 | D:7      | 6069 ||| INVOKING Heroism.
  6069 | D:7      | HP: 14/57 [wight/+5 mace of freezing (1)]
  6070 | D:7      | 6070 ||| DRINKING potion of heal wounds.
  6077 | D:7      | Reached skill level 10 in Axes
  6445 | D:7      | 6445 ||| Stepping ~*~*~tactically~*~*~ (hiding).
  6446 | D:7      | 6446 ||| Stepping ~*~*~tactically~*~*~ (hiding).
  6452 | D:7      | 6452 ||| INVOKING Heroism.
  6497 | D:7      | 6497 ||| UPGRADING to +0 plate armour.
  6507 | D:7      | 6507 ||| DROPPING +0 chain mail.
  6508 | D:7      | 6508 ||| READING 2 scrolls labelled SELLAI INIBRI.
  6512 | D:7      | 6512 ||| READING 2 scrolls of identify.
  6512 | D:7      | 6512 ||| IDENTIFYING lumpy pink potion
  6513 | D:7      | 6513 ||| DROPPING potion of ambrosia.
  6521 | D:8      | 6521 ||| Stepping ~*~*~tactically~*~*~ (stealth).
  6533 | D:8      | 6533 ||| INVOKING Heroism.
  6540 | D:8      | Reached XP level 10. HP: 27/63 MP: 10/13
  6544 | D:8      | 6544 ||| FLEEEEING.
  6545 | D:8      | 6545 ||| FLEEEEING.
  6548 | D:8      | 6548 ||| STAIRDANCE
  6705 | D:8      | 6705 ||| Stepping ~*~*~tactically~*~*~ (hiding).
  6707 | D:8      | 6707 ||| Stepping ~*~*~tactically~*~*~ (hiding).
  6709 | D:8      | 6709 ||| Stepping ~*~*~tactically~*~*~ (hiding).
  6710 | D:8      | 6710 ||| Stepping ~*~*~tactically~*~*~ (hiding).
  6711 | D:8      | 6711 ||| Stepping ~*~*~tactically~*~*~ (hiding).
  6726 | D:8      | 6726 ||| Stepping ~*~*~tactically~*~*~ (stealth).
  6727 | D:8      | 6727 ||| Stepping ~*~*~tactically~*~*~ (stealth).
  6777 | D:8      | Noticed a two-headed ogre
  6779 | D:8      | 6779 ||| INVOKING Heroism.
  6785 | D:8      | Killed a two-headed ogre
  6785 | D:8      | Reached ** piety under Okawaru
  6930 | D:8      | 6930 ||| INVOKING Heroism.
  7074 | D:8      | Found a stormy altar of Qazlal.
  7189 | D:8      | 7189 ||| DROPPING amulet of faith.
  7190 | D:8      | 7190 ||| READING scroll labelled KIOREF ORIFF.
  7191 | D:8      | 7191 ||| DRINKING 2 inky potions.
  7292 | D:9      | Found a radiant altar of Vehumet.
  7295 | D:9      | 7295 ||| Stepping ~*~*~tactically~*~*~ (stealth).
  7304 | D:9      | 7304 ||| Stepping ~*~*~tactically~*~*~ (hiding).
  7305 | D:9      | 7305 ||| FLEEEEING.
  7310 | D:9      | 7310 ||| Stepping ~*~*~tactically~*~*~ (hiding).
  7338 | D:9      | 7338 ||| Stepping ~*~*~tactically~*~*~ (hiding).
  7433 | D:9      | Found a staircase to the Lair.
  7507 | D:9      | Noticed Joseph
  7508 | D:9      | 7508 ||| Stepping ~*~*~tactically~*~*~ (hiding).
  7509 | D:9      | 7509 ||| Stepping ~*~*~tactically~*~*~ (hiding).
  7510 | D:9      | 7510 ||| Stepping ~*~*~tactically~*~*~ (hiding).
  7512 | D:9      | 7512 ||| Stepping ~*~*~tactically~*~*~ (hiding).
  7514 | D:9      | 7514 ||| Stepping ~*~*~tactically~*~*~ (hiding).
  7523 | D:9      | 7523 ||| INVOKING Heroism.
  7528 | D:9      | Killed Joseph
  7529 | D:9      | Reached skill level 11 in Axes
  7634 | D:9      | 7634 ||| Stepping ~*~*~tactically~*~*~ (stealth).
  7645 | D:9      | 7645 ||| INVOKING Heroism.
  7653 | D:9      | Reached skill level 9 in Fighting
  7653 | D:9      | Reached XP level 11. HP: 21/71 MP: 11/14
  7660 | D:9      | 7660 ||| Stepping ~*~*~tactically~*~*~ (hiding).
  7661 | D:9      | 7661 ||| Stepping ~*~*~tactically~*~*~ (hiding).
  7674 | D:9      | Reached *** piety under Okawaru
  7676 | D:9      | 7676 ||| DRINKING 3 potions of curing.
  7676 | D:9      | 7676 ||| (to cure confusion)
  7682 | D:9      | 7682 ||| INVOKING Heroism.
  7872 | D:9      | 7872 ||| Stepping ~*~*~tactically~*~*~ (stealth).
  7938 | D:9      | 7938 ||| Stepping ~*~*~tactically~*~*~ (stealth).
  7940 | D:9      | 7940 ||| Stepping ~*~*~tactically~*~*~ (stealth).
  7953 | D:9      | 7953 ||| INVOKING Heroism.
  8248 | D:9      | 8248 ||| Stepping ~*~*~tactically~*~*~ (hiding).
  8264 | D:9      | 8264 ||| Stepping ~*~*~tactically~*~*~ (hiding).
  8273 | D:9      | 8273 ||| Stepping ~*~*~tactically~*~*~ (stealth).
  8274 | D:9      | 8274 ||| Stepping ~*~*~tactically~*~*~ (stealth).
  8531 | D:9      | 8531 ||| SWAPPING to +2 war axe of freezing.
  8532 | D:9      | 8532 ||| DROPPING +0 war axe.
  8648 | D:9      | Noticed a cyclops
  8649 | D:9      | 8649 ||| INVOKING Heroism.
  8657 | D:9      | Killed a cyclops
  8658 | D:9      | Reached skill level 12 in Axes
  8776 | D:9      | 8776 ||| PLANNING LAIR
  8776 | D:9      | 8776 ||| UPGRADING to +0 pair of gloves.
  8781 | D:9      | 8781 ||| READING scroll labelled CILLI SIOZ ACU.
  8782 | D:9      | 8782 ||| READING 5 scrolls of identify.
  8782 | D:9      | 8782 ||| IDENTIFYING bubbling puce potion
  8815 | Lair:1   | Entered Level 1 of the Lair of Beasts
  8857 | Lair:1   | 8857 ||| INVOKING Heroism.
  9013 | Lair:1   | 9013 ||| INVOKING Heroism.
  9089 | Lair:1   | You fall into a shaft and drop 1 floor!
  9089 | Lair:2   | Noticed a death yak
  9089 | Lair:2   | Noticed a death yak
  9090 | Lair:2   | 9090 ||| INVOKING Heroism.
  9090 | Lair:2   | Noticed a death yak
  9091 | Lair:2   | Noticed a death yak
  9106 | Lair:2   | Killed a death yak
  9108 | Lair:2   | Killed a death yak
  9108 | Lair:2   | Reached **** piety under Okawaru
  9108 | Lair:2   | Killed a death yak
  9111 | Lair:2   | 9111 ||| INVOKING Heroism.
  9122 | Lair:2   | Killed a death yak
  9161 | Lair:2   | Noticed an eight-headed hydra
  9162 | Lair:2   | 9162 ||| INVOKING Heroism.
  9168 | Lair:2   | 9168 ||| SWAPPING to +2 hand axe of flaming.
  9172 | Lair:2   | Killed a four-headed hydra
  9173 | Lair:2   | 9173 ||| SWAPPING to +2 war axe of freezing.
  9261 | Lair:2   | 9261 ||| Stepping ~*~*~tactically~*~*~ (stealth).
  9262 | Lair:2   | 9262 ||| INVOKING Heroism.
  9272 | Lair:2   | Reached XP level 12. HP: 63/77 MP: 14/16
  9283 | Lair:2   | Reached skill level 6 in Invocations
  9356 | Lair:2   | Identified the +2 robe "Weiheshu" {rC+}
  9367 | Lair:2   | Identified the +7 war axe "Seidoori" {freeze, MP+9 Int+6
                  | Stlth-}
  9369 | Lair:2   | 9369 ||| SWAPPING to +7 war axe "Seidoori" {freeze, MP+9
                  | Int+6 Stlth-}.
  9370 | Lair:2   | 9370 ||| DROPPING +2 war axe of freezing.
  9472 | Lair:2   | 9472 ||| INVOKING Heroism.
  9491 | Lair:2   | 9491 ||| READING scroll labelled WOL XAODWAP.
  9525 | Lair:1   | 9525 ||| Stepping ~*~*~tactically~*~*~ (stealth).
  9536 | Lair:1   | 9536 ||| FLEEEEING.
  9537 | Lair:1   | 9537 ||| INVOKING Heroism.
  9554 | Lair:1   | Reached ***** piety under Okawaru
  9690 | Lair:1   | 9690 ||| Stepping ~*~*~tactically~*~*~ (stealth).
  9691 | Lair:1   | 9691 ||| Stepping ~*~*~tactically~*~*~ (stealth).
  9692 | Lair:1   | 9692 ||| Stepping ~*~*~tactically~*~*~ (stealth).
  9711 | Lair:1   | 9711 ||| INVOKING Heroism.
 10116 | Lair:2   | Received a gift from Okawaru
 10226 | Lair:2   | 10226 ||| Stepping ~*~*~tactically~*~*~ (stealth).
 10367 | Lair:2   | 10367 ||| Stepping ~*~*~tactically~*~*~ (stealth).
 10368 | Lair:2   | 10368 ||| Stepping ~*~*~tactically~*~*~ (stealth).
 10372 | Lair:2   | 10372 ||| Stepping ~*~*~tactically~*~*~ (hiding).
 10374 | Lair:2   | 10374 ||| Stepping ~*~*~tactically~*~*~ (hiding).
 10738 | Lair:3   | 10738 ||| Stepping ~*~*~tactically~*~*~ (stealth).
 10739 | Lair:3   | 10739 ||| Stepping ~*~*~tactically~*~*~ (stealth).
 10742 | Lair:3   | 10742 ||| STAIRDANCE
 10747 | Lair:2   | Reached skill level 13 in Axes
 10820 | Lair:3   | 10820 ||| INVOKING Heroism.
 10828 | Lair:3   | Received a gift from Okawaru
 10829 | Lair:3   | Reached skill level 9 in Armour
 10829 | Lair:3   | Reached skill level 9 in Invocations
 10912 | Lair:3   | 10912 ||| INVOKING Heroism.
 11003 | Lair:3   | 11003 ||| READING scroll of enchant armour.
 11003 | Lair:3   | 11003 ||| ENCHANTING +0 pair of gloves.
 11006 | Lair:3   | Noticed Nessos
 11007 | Lair:3   | 11007 ||| Stepping ~*~*~tactically~*~*~ (stealth).
 11009 | Lair:3   | 11009 ||| INVOKING Finesse.
 11012 | Lair:3   | 11012 ||| Stepping ~*~*~tactically~*~*~ (hiding).
 11014 | Lair:3   | 11014 ||| Stepping ~*~*~tactically~*~*~ (hiding).
 11017 | Lair:3   | 11017 ||| Stepping ~*~*~tactically~*~*~ (hiding).
 11018 | Lair:3   | 11018 ||| Stepping ~*~*~tactically~*~*~ (hiding).
 11033 | Lair:3   | 11033 ||| INVOKING Finesse.
 11035 | Lair:3   | 11035 ||| INVOKING Heroism.
 11054 | Lair:3   | 11054 ||| Stepping ~*~*~tactically~*~*~ (hiding).
 11059 | Lair:3   | HP: 7/77 [Nessos/arrow (18)]
 11059 | Lair:3   | HP: 3/77 [Nessos/arrow (4)]
 11059 | Lair:3   | Shot with an arrow by Nessos

Levels and vault maps discovered:
D:1:      roderic_crossed_star, layout_basic
D:2:      layout_rooms, uniq_natasha, uniq_robin
D:3:      layout_basic, serial_bayou, serial_bayou_ford_a, serial_bayou_shore_a,
          serial_bayou_crossing, serial_bayou_lake_a, uniq_jessica
D:4:      layout_cave_pods, kennysheep_little_box,
          mainiacjoe_overflow_boulevard, ashenzari_conservatory_becter,
          serial_shops, nicolae_shop_advertising_works
          [nicolae_subvault_shop_adworks], kennysheep_mini,
          ebering_ghost_disaster_area, uniq_grinder, uniq_sigmund
D:5:      nicolae_cairo_tiling, layout_loops_ring, serial_shops,
          nicolae_shop_crystal, grunt_ministairs_2, uniq_eustachio,
          uniq_crazy_yiuf_cottage
D:6:      layout_loops_cross, minmay_temple_entry_overgrown
D:7:      layout_basic
D:8:      layout_rooms, nicolae_qazlal_style_of_elements
D:9:      layout_stronghold, fiery_altar_vehumet, hellmonk_lair_entry_icy,
          uniq_joseph
Lair:1:   layout_misc_corridors
Lair:2:   layout_loops_ring, serial_bayou_shore_b, grunt_megastairs_3
Lair:3:   layout_regular_city, nicolae_shoals_entry_flooding,
          minmay_snake_entry_guardpost_small, uniq_nessos

Skill      XL: |  1  2  3  4  5  6  7  8  9 10 11 12 |
---------------+-------------------------------------+-----
Axes           | 2 3 4 5 7 8 10 11 12 13 | 13.0
Dodging        | 1 2 |  2.1
Fighting       | 4 6 7 9 10 | 10.0
Invocations    | 2 4 5 9 |  9.3
Armour         | 4 7 8 9 |  9.0
Shields        | 4 5 7 |  7.0
Throwing       | 1 2 |  2.5

Action                     |  1- 3 |  4- 6 |  7- 9 | 10-12 || total
---------------------------+-------+-------+-------+-------++-------
  Melee: War axe           |    76 |   181 |   349 |   437 ||  1043
         Unarmed           |    12 |    14 |       |       ||    26
         Hand axe          |       |       |       |     4 ||     4
  Throw: Boomerang         |       |       |     4 |    65 ||    69
         Javelin           |       |       |       |     4 ||     4
 Invoke: Heroism           |       |       |    12 |    19 ||    31
         Finesse           |       |       |       |     2 ||     2
    Use: Scroll            |     2 |     9 |     6 |     5 ||    22
         Potion            |       |     2 |     3 |     2 ||     7
 Armour: Scale mail        |    32 |    51 |       |       ||    83
         Skin              |     8 |     4 |       |       ||    12
         Chain mail        |       |    58 |   198 |       ||   256
         Plate armour      |       |       |    39 |   242 ||   281
  Dodge: Dodged            |    40 |    63 |   170 |   179 ||   452
  Block: Buckler           |    12 |    28 |    89 |    82 ||   211

Table legend:
 A = Non-vault XP
 B = Vault XP
 C = Vault XP percentage of total XP
 D = Non-vault monster count
 E = Vault monster count
 F = Vault count percentage of total count
                 A         B        C        D         E       F
            +---------+---------+-------+---------+---------+-------
      Total |   26576 |    4003 |  13.1 |     253 |      36 |  12.5
            +---------+---------+-------+---------+---------+-------
        D:1 |      37 |       0 |   0.0 |      21 |       0 |   0.0
        D:2 |      81 |      69 |  46.0 |      10 |      12 |  54.5
        D:3 |      58 |      37 |  38.9 |      19 |       1 |   5.0
        D:4 |     448 |     504 |  52.9 |      33 |       2 |   5.7
        D:5 |     640 |     413 |  39.2 |      20 |       9 |  31.0
        D:6 |     937 |       0 |   0.0 |      13 |       0 |   0.0
        D:7 |    1272 |       0 |   0.0 |      24 |       0 |   0.0
        D:8 |    1927 |       0 |   0.0 |      22 |       0 |   0.0
        D:9 |    4308 |    1563 |  26.6 |      39 |       8 |  17.0
     Lair:1 |    4873 |       0 |   0.0 |      17 |       0 |   0.0
     Lair:2 |    9835 |     528 |   5.1 |      28 |       2 |   6.7
     Lair:3 |    2160 |     889 |  29.2 |       7 |       2 |  22.2
            +---------+---------+-------+---------+---------+-------
